Map: Eternal Empire LE

Players

Astrea

  • Race: Protoss Protoss
  • Spawn Location: 7:00

Neeb - Winner!

  • Race: Protoss Protoss
  • Spawn Location: 1:00

Event: DreamHack SC2 Masters 2020 Summer North America

VOD

Have the link to the VOD?

Description

Time

  • Played on: July 12, 2020, 5:08 p.m.
  • Length: 36:46

All games in this series

Show
View Real Time Build Order
Export as new Build Order

Astrea Protoss 

Build Orders: Phoenix Opening 

Get SALT Encoding   

  12  0:00  Probe  
  13  0:12  Probe  
  14  0:17  Pylon  
  14  0:23  Probe  
  15  0:31  Probe  
  16  0:37  Gateway  
  16  0:39  Probe  
  16  0:45  Assimilator  
  17  0:51  Probe  
  17  0:54  Assimilator  
  18  0:59  Probe  
  19  1:07  Gateway, Probe  
  19  1:18  Probe  
  20  1:24  Cybernetics Core  
  21  1:30  Probe  
  22  1:35  Pylon  
  22  1:42  Probe  
  23  1:51  Warp Gate  
  23  1:54  Probe  
  23  2:00  Stalker  
  26  2:09  Sentry  
  26  2:13  Probe  
  29  2:29  Pylon  
  30  2:32  Nexus  
  30  2:36  Probe  
  30  2:47  Stalker  
  30  2:48  Sentry  
  30  2:50  Probe  
  35  2:56  Shield Battery  
  36  3:08  Pylon  
  36  3:12  Pylon  
  35  3:14  Probe  
  35  3:16  Sentry  
  38  3:26  Probe  
  38  3:31  Pylon  
  38  3:33  Pylon  
  38  3:38  Probe  
  38  3:40  Sentry  
  41  3:43  Stargate  
  41  3:46  Probe  
  42  3:50  Phoenix, Probe  
  42  3:52  Stalker  
  45  3:58  Probe  
  45  4:01  Probe  
  47  4:06  Probe  
  47  4:08  Stalker  
  47  4:09  Probe  
  49  4:14  Probe, Pylon  
  51  4:17  Probe  
  53  4:24  Phoenix  
  53  4:25  Probe  
  53  4:29  Probe  
  57  4:37  Probe  
  56  4:39  Stalker x2  
  56  4:41  Probe  
  61  4:49  Probe  
  62  4:57  Probe  
  62  4:58  Pylon  
  63  5:03  Nexus, Probe  
  64  5:09  Probe  
  64  5:12  Assimilator  
  65  5:16  Assimilator, Probe  
  65  5:18  Robotics Facility  
  65  5:20  Probe  
  66  5:22  Forge  
  66  5:24  Probe  
  67  5:28  Probe  
  67  5:32  Pylon  
  67  5:33  Probe  
  69  5:37  Probe  
  71  5:43  Probe  
  71  5:44  Protoss Ground Weapons Level 1  
  71  5:49  Probe  
  73  5:55  Probe  
  74  5:57  Twilight Council  
  74  6:01  Probe  
  75  6:08  Probe  
  74  6:13  Immortal, Probe  
  74  6:16  Probe  
  72  6:20  Probe  
  72  6:21  Blink  
  75  6:25  Probe  
  75  6:27  Robotics Bay  
  75  6:28  Probe  
  75  6:32  Probe  
  78  6:38  Probe  
  78  6:39  Gateway  
  79  6:40  Probe  
  79  6:42  Gateway  
  79  6:44  Probe  
  79  6:45  Gateway  
  79  6:46  Gateway  
  79  6:47  Gateway  
  81  6:50  Pylon, Probe  
  81  6:52  Probe  
  83  6:54  Adept x2  
  83  6:57  Observer, Probe  
  83  6:58  Assimilator  
  83  6:59  Assimilator, Pylon  
  88  7:03  Probe  
  90  7:09  Disruptor, Pylon  
  90  7:11  Pylon  
  90  7:16  Extended Thermal Lance  
  90  7:21  Stalker x2  
  97  7:27  Photon Cannon  
  97  7:29  Shield Battery  
  97  7:32  Pylon  
  97  7:37  Gateway  
  97  7:39  Photon Cannon  
  97  7:43  Stalker x4  
  105  7:48  Colossus  
  109  7:54  Robotics Facility  
  109  7:56  Protoss Ground Weapons Level 2  
  107  8:14  Pylon  
  107  8:15  Nexus  
  107  8:18  Pylon  
  105  8:21  Probe x2  
  105  8:23  Stalker x5  
  105  8:26  Charge  
  117  8:29  Probe  
  117  8:32  Pylon  
  118  8:36  Probe x2  
  118  8:39  Photon Cannon  
  120  8:42  Disruptor  
  120  8:44  Disruptor  
  126  8:49  Probe  
  113  9:06  Stalker x6  
  122  9:13  Stalker x2  
  124  9:22  Probe  
  124  9:23  Warp Prism, Disruptor  
  119  9:26  Probe  
  119  9:27  Probe x2  
  125  9:34  Probe  
  126  9:38  Photon Cannon, Probe  
  126  9:39  Probe x2  
  126  9:43  Photon Cannon, Gravitic Drive  
  129  9:46  Photon Cannon, Probe  
  129  9:48  Shield Battery  
  129  9:50  Disruptor x2  
  129  9:51  Assimilator, Probe x3  
  129  9:52  Assimilator  
  133  9:54  Pylon  
  137  10:09  Stalker x4  
  143  10:18  Stalker x2  
  143  10:19  Stalker x2  
  149  10:23  Protoss Ground Weapons Level 3  
  149  10:27  Disruptor x2  
  153  10:34  Pylon  
  153  10:36  Photon Cannon  
  153  10:38  Photon Cannon  
  153  10:40  Gravitic Boosters  
  153  10:54  Dark Shrine  
  153  10:56  Observer  
  153  10:59  Nexus, Zealot x6  
  153  11:03  Disruptor, Pylon  
  169  11:18  Zealot x2  
  169  11:20  Zealot x3  
  169  11:21  Zealot x2  
  169  11:24  Pylon  
  177  11:36  Photon Cannon  
  160  11:42  Stalker x8  
  160  11:44  Probe x4  
  179  11:49  Photon Cannon  
  175  11:56  Probe x4  
  176  12:04  Shadow Stride  
  176  12:05  Disruptor x2  
  176  12:08  Probe x4  
  184  12:11  Photon Cannon  
  180  12:18  Stalker x2  
  180  12:20  Probe x2  
  186  12:41  Nexus  
  186  12:48  Pylon  
  186  12:50  Pylon  
  186  12:51  Disruptor x2, Pylon  
  186  12:52  Pylon  
  171  13:03  Stalker x5  
  165  13:19  Protoss Shields Level 1, Probe x2  
  168  13:20  Probe  
  168  13:22  Nexus  
  168  13:23  Pylon  
  168  13:25  Disruptor  
  168  13:27  Disruptor  
  168  13:29  Stalker x5  
  184  13:37  Gateway  
  184  13:38  Gateway  
  158  13:53  Disruptor  
  155  13:55  Stalker x6  
  155  13:56  Stalker  
  172  14:03  Disruptor  
  172  14:06  Probe  
  172  14:07  Unknown  
  172  14:09  Stargate  
  176  14:12  Protoss Air Weapons Level 1  
  176  14:18  Gateway  
  176  14:21  Stalker x7  
  190  14:24  Cybernetics Core  
  190  14:26  Photon Cannon  
  190  14:28  Disruptor  
  187  14:38  Disruptor  
  184  14:58  Dark Templar x8  
  200  15:07  Pylon  
  200  15:14  Fleet Beacon  
  200  15:16  Stargate  
  200  15:20  Nexus  
  190  15:22  Pylon  
  190  15:25  Disruptor x2  
  162  15:45  Stalker x10  
  164  16:01  Disruptor x2  
  147  16:08  Dark Templar x4  
  147  16:09  Stalker x2  
  148  16:14  Stalker x2  
  146  16:26  Unknown, Protoss Air Armor Level 1  
  146  16:29  Photon Cannon, Shield Battery  
  146  16:37  Disruptor  
  146  16:38  Protoss Air Weapons Level 2  
  149  16:41  Disruptor  
  149  16:45  Shield Battery  
  149  16:46  Shield Battery  
  151  17:05  Nexus  
  145  17:11  Stalker x7  
  145  17:13  Disruptor  
  156  17:25  Carrier  
  156  17:27  Carrier  
  168  17:32  Pylon  
  168  17:43  Pylon  
  165  17:50  Stalker x10  
  181  17:55  Probe x4  
  181  17:56  Pylon  
  173  18:12  Unknown  
  171  18:15  Dark Templar x3, Zealot x5  
  187  18:20  Stalker x2  
  191  18:29  Assimilator  
  191  18:33  Assimilator  
  191  18:34  Photon Cannon  
  191  18:43  Carrier  
  191  18:47  Unknown  
  197  18:50  Pylon  
  197  19:04  Stalker  
  197  19:06  Unknown  
  199  19:11  Gateway, Disruptor x2  
  199  19:12  Protoss Air Weapons Level 3  
  199  19:14  Gateway  
  199  19:15  Gateway  
  190  19:19  Gateway  
  188  19:29  Dark Templar x2, Zealot  
  188  19:30  Zealot x3  
  198  19:38  Dark Templar x2  
  196  19:48  Disruptor  
  199  19:59  Protoss Air Armor Level 2  
  199  20:09  Unknown  
  150  20:28  Stalker x5  
  150  20:29  Stalker x9  
  150  20:31  Carrier  
  181  20:52  Zealot x6, Pylon  
  190  21:01  Disruptor  
  189  21:04  Disruptor  
  189  21:06  Carrier  
  189  21:09  Stalker  
  189  21:10  Stalker x2  
  189  21:11  Stalker  
  189  21:13  Pylon  
  189  21:14  Carrier  
  185  21:25  Zealot x4  
  185  21:26  Zealot x3  
  199  21:42  Photon Cannon  
  199  21:46  Photon Cannon  
  183  22:01  Disruptor x2  
  185  22:11  Stalker x8  
  185  22:13  Carrier  
  194  22:20  Unknown  
  196  22:46  Nexus  
  196  22:49  Disruptor  
  199  22:56  Stalker x5  
  187  23:15  Stalker x2  
  187  23:16  Stalker x4  
  197  23:21  Protoss Air Armor Level 3  
  191  23:32  Zealot x6  
  199  23:40  Dark Templar x6  
  181  23:59  Dark Templar  
  163  24:12  Nexus  
  163  24:15  Zealot x13  
  176  24:21  Pylon  
  176  24:23  Pylon  
  176  24:27  Assimilator  
  176  24:31  Assimilator  
  176  24:32  Carrier  
  182  24:44  Carrier  
  188  24:46  Photon Cannon  
  188  24:48  Photon Cannon  
  188  24:49  Shield Battery  
  188  24:52  Shield Battery  
  188  25:12  Disruptor x2  
  188  25:13  Photon Cannon  
  194  25:14  Photon Cannon, Zealot x3  
  194  25:16  Shield Battery  
  194  25:18  Shield Battery  
  179  25:54  Stalker x11  
  199  26:00  Observer  
  195  26:10  Zealot x3  
  194  26:31  Disruptor x2  
  178  26:48  Zealot x3  
  178  26:49  Zealot x8  
  197  27:04  Zealot  
  197  27:13  Disruptor x2  
  192  27:18  Stalker  
  192  27:19  Stalker x5, Zealot  
  195  27:30  Zealot x3  
  195  27:34  Zealot x4  
  195  27:42  Observer  
  195  27:49  Disruptor  
  185  28:13  Disruptor  
  179  28:25  Disruptor  
  174  28:32  Zealot x11  
  174  28:33  Zealot x3  
  194  28:43  Disruptor  
  196  29:00  Disruptor  
  196  29:02  Zealot x5  
  195  29:18  Stalker x2  
  195  29:22  Unknown  
  199  29:24  Nexus  
  199  29:25  Pylon  
  199  29:27  Pylon  
  199  29:29  Pylon  
  189  29:44  Dark Templar x6  
  199  29:50  Unknown  
  197  29:53  Photon Cannon  
  197  29:54  Shield Battery  
  189  30:15  Zealot x2  
  189  30:16  Zealot x3  
  199  30:33  Disruptor  
  198  30:39  Stalker  
  200  30:44  Observer  
  192  31:01  Protoss Ground Armor Level 1  
  190  31:14  Stalker x5  
  190  31:17  Shield Battery  
  190  31:18  Shield Battery  
  188  31:30  Dark Templar, Zealot x5  
  162  31:49  Dark Templar  
  154  31:57  Zealot x4  
  154  31:58  Zealot x2  
  150  32:05  Assimilator  
  150  32:06  Assimilator  
  150  32:12  Probe x4  
  150  32:13  Probe  
  155  32:21  Photon Cannon  
  141  32:24  Disruptor  
  144  32:41  Disruptor  
  144  32:48  Nexus  
  144  32:56  Dark Templar  
  149  32:59  Disruptor  
  149  33:02  Pylon  
  141  33:22  Probe  
  141  33:23  Probe x5  
  141  33:25  Shield Battery  
  147  33:34  Dark Templar  
  145  33:46  Probe x2  
  145  33:47  Probe x2  
  149  33:54  Unknown  
  149  34:11  Dark Templar  
  149  34:13  Nexus  
  151  34:19  Observer  
  143  34:39  Stalker x2  
  143  34:40  Stalker  
  125  34:52  Zealot x10  
  138  35:07  Shield Battery  
  138  35:08  Shield Battery  
  138  35:09  Stalker  
  138  35:10  Shield Battery  
  138  35:12  Shield Battery  
  135  35:22  Disruptor  
  135  35:28  Stalker x3  
  135  35:31  Disruptor  
  128  35:42  Stalker  
  108  35:58  Stalker x2  
  110  36:13  Zealot  
  110  36:14  Zealot x7  
  118  36:23  Stalker  
  89  36:25  Zealot  
  76  36:34  Stalker  
Show
View Real Time Build Order
Export as new Build Order

Neeb Protoss - Winner!

Build Orders:  

Get SALT Encoding   

  12  0:01  Probe  
  13  0:13  Probe  
  14  0:17  Pylon  
  14  0:24  Probe  
  15  0:32  Probe  
  15  0:37  Gateway  
  15  0:40  Probe  
  16  0:46  Assimilator  
  17  0:51  Probe  
  17  0:55  Assimilator  
  18  1:00  Probe  
  19  1:08  Probe  
  19  1:09  Gateway  
  19  1:17  Probe  
  21  1:25  Cybernetics Core  
  21  1:30  Probe  
  22  1:36  Pylon  
  22  1:42  Probe  
  23  1:54  Probe  
  24  2:02  Adept x2, Warp Gate  
  24  2:07  Robotics Facility  
  28  2:15  Probe  
  29  2:22  Pylon  
  29  2:32  Stalker  
  31  2:40  Stalker  
  34  2:51  Shield Battery  
  34  2:52  Pylon  
  33  3:00  Warp Prism  
  36  3:26  Nexus, Probe  
  36  3:34  Probe  
  36  3:41  Pylon  
  37  3:43  Probe  
  38  3:55  Probe  
  39  4:05  Adept x2, Probe  
  40  4:10  Shield Battery  
  40  4:13  Probe  
  40  4:22  Probe  
  41  4:28  Sentry  
  41  4:29  Sentry  
  46  4:32  Probe  
  46  4:34  Probe  
  45  4:40  Probe  
  45  4:44  Probe  
  47  4:45  Forge  
  47  4:48  Twilight Council, Probe  
  47  4:51  Observer  
  50  4:54  Probe  
  51  5:00  Probe  
  51  5:04  Pylon  
  51  5:06  Protoss Ground Weapons Level 1, Assimilator, Probe  
  53  5:07  Blink  
  53  5:11  Sentry  
  53  5:12  Probe  
  53  5:13  Stalker  
  56  5:15  Observer  
  56  5:18  Probe  
  58  5:22  Pylon  
  58  5:28  Probe  
  59  5:37  Stalker, Pylon  
  61  5:52  Probe x2  
  63  5:57  Nexus  
  63  5:58  Stalker  
  65  6:04  Stalker, Probe  
  65  6:10  Probe  
  65  6:16  Probe  
  64  6:21  Gateway x2, Observer  
  64  6:23  Stalker  
  64  6:26  Probe  
  64  6:28  Pylon, Probe  
  64  6:32  Stalker  
  68  6:38  Gateway  
  68  6:41  Probe  
  68  6:42  Probe  
  68  6:44  Gateway  
  70  6:52  Stalker  
  70  6:53  Probe  
  73  6:54  Probe  
  73  6:56  Stalker  
  73  6:59  Pylon  
  76  7:06  Probe  
  77  7:09  Probe x2  
  77  7:10  Pylon  
  79  7:17  Stalker x3  
  79  7:18  Probe  
  79  7:19  Protoss Ground Weapons Level 2, Probe  
  79  7:21  Probe  
  88  7:30  Assimilator, Probe x2  
  88  7:32  Assimilator  
  88  7:33  Assimilator  
  88  7:37  Robotics Bay, Probe  
  91  7:42  Probe  
  91  7:43  Dark Shrine  
  91  7:44  Stalker, Probe  
  94  7:48  Stalker x2  
  99  7:55  Probe  
  99  7:56  Pylon  
  100  7:58  Stalker x2  
  100  8:02  Probe  
  105  8:08  Observer, Pylon x2  
  105  8:09  Stalker x2  
  109  8:17  Pylon  
  109  8:18  Pylon  
  109  8:22  Photon Cannon  
  109  8:23  Robotics Facility  
  109  8:26  Stalker, Disruptor  
  109  8:27  Stalker  
  111  8:31  Stalker  
  111  8:32  Stalker  
  118  8:42  Stalker x2  
  118  9:01  Disruptor  
  112  9:06  Stalker x5  
  123  9:11  Observer  
  123  9:12  Nexus  
  123  9:15  Shadow Stride  
  117  9:20  Probe  
  110  9:25  Disruptor  
  110  9:28  Disruptor  
  110  9:30  Stalker x3  
  118  9:40  Observer  
  118  9:43  Dark Templar  
  118  9:44  Probe x3  
  123  9:47  Pylon  
  123  9:51  Stalker x2  
  127  9:56  Probe x3  
  127  9:57  Disruptor  
  130  10:03  Disruptor  
  130  10:05  Assimilator  
  136  10:08  Probe  
  136  10:09  Assimilator  
  137  10:17  Stalker x3  
  141  10:22  Photon Cannon  
  135  10:29  Dark Templar x2  
  135  10:32  Photon Cannon  
  135  10:33  Photon Cannon  
  139  10:42  Dark Templar  
  141  10:44  Dark Templar  
  141  10:46  Probe x3  
  141  10:48  Probe  
  147  10:52  Photon Cannon  
  147  10:53  Protoss Ground Weapons Level 3, Shield Battery  
  147  10:55  Photon Cannon, Observer x2  
  140  11:18  Stalker x2  
  140  11:19  Stalker x4  
  148  11:30  Probe  
  148  11:31  Disruptor  
  148  11:32  Disruptor  
  152  11:33  Pylon  
  153  11:43  Dark Templar x2  
  153  11:44  Zealot  
  153  11:45  Zealot x3  
  161  11:48  Pylon  
  160  12:01  Photon Cannon x2  
  160  12:04  Shield Battery  
  160  12:07  Dark Templar x2, Disruptor  
  161  12:17  Photon Cannon  
  161  12:18  Photon Cannon, Stalker x3  
  165  12:24  Disruptor  
  165  12:26  Nexus  
  164  12:43  Disruptor  
  164  12:44  Stalker x4  
  173  13:00  Disruptor  
  173  13:02  Probe x2  
  173  13:04  Observer  
  178  13:06  Pylon  
  178  13:07  Observer  
  178  13:10  Stalker  
  178  13:11  Stalker x5  
  181  13:16  Gateway  
  181  13:18  Gateway  
  181  13:19  Observer  
  182  13:20  Gateway, Pylon  
  182  13:22  Unknown  
  182  13:25  Gateway  
  179  13:38  Photon Cannon  
  179  13:40  Photon Cannon  
  179  13:41  Photon Cannon  
  179  13:46  Protoss Shields Level 1  
  162  13:54  Stalker x6  
  164  14:03  Photon Cannon  
  164  14:04  Photon Cannon  
  164  14:07  Photon Cannon  
  164  14:11  Photon Cannon  
  164  14:15  Stargate  
  164  14:20  Dark Templar x8  
  178  14:35  Dark Templar  
  153  15:02  Stalker x3, Charge  
  153  15:03  Stalker x6  
  170  15:08  Photon Cannon  
  170  15:10  Photon Cannon  
  170  15:11  Photon Cannon  
  170  15:12  Shield Battery  
  170  15:14  Oracle  
  170  15:16  Shield Battery  
  158  15:23  Stalker, Nexus  
  158  15:28  Pylon  
  146  15:38  Disruptor x2  
  145  15:53  Dark Templar x3  
  145  15:54  Dark Templar x7  
  151  16:14  Observer  
  151  16:15  Observer  
  145  16:24  Photon Cannon  
  145  16:25  Photon Cannon  
  146  16:27  Photon Cannon  
  146  16:29  Photon Cannon, Observer x2  
  146  16:32  Shield Battery  
  146  16:33  Shield Battery  
  146  16:35  Shield Battery  
  148  16:41  Stalker x4  
  148  16:42  Stalker x6  
  168  16:47  Disruptor x2  
  168  16:49  Robotics Facility  
  163  17:11  Stalker x3  
  163  17:12  Stalker  
  169  17:16  Stalker x5  
  169  17:19  Disruptor x2  
  169  17:22  Assimilator  
  179  17:23  Assimilator  
  185  17:39  Protoss Shields Level 2  
  185  17:44  Disruptor  
  185  17:48  Disruptor x2  
  184  17:54  Oracle  
  190  18:13  Dark Templar x3  
  196  18:21  Photon Cannon  
  196  18:22  Disruptor  
  196  18:23  Photon Cannon  
  199  18:27  Pylon  
  199  18:31  Observer x2  
  199  18:32  Pylon  
  200  18:37  Nexus  
  172  18:52  Disruptor x2  
  172  18:53  Observer  
  178  18:58  Dark Templar x5  
  178  19:01  Pylon  
  186  19:03  Disruptor  
  186  19:04  Pylon  
  189  19:12  Observer  
  189  19:27  Disruptor x2, Unknown  
  195  19:32  Shield Battery  
  189  19:39  Disruptor  
  178  19:49  Photon Cannon  
  178  19:50  Photon Cannon  
  178  19:51  Photon Cannon x2  
  178  19:52  Photon Cannon  
  164  19:53  Shield Battery  
  164  19:54  Disruptor x2  
  164  19:55  Photon Cannon  
  164  19:58  Photon Cannon, Shield Battery  
  164  20:00  Photon Cannon  
  164  20:02  Stalker  
  164  20:03  Stalker x9  
  188  20:14  Disruptor  
  169  20:29  Disruptor x2  
  169  20:39  Stalker x8  
  185  20:50  Disruptor  
  187  21:01  Stalker x2  
  158  21:19  Stalker x3  
  158  21:25  Stalker x7  
  178  21:31  Fleet Beacon  
  178  21:35  Stargate  
  178  21:36  Stargate  
  178  21:37  Protoss Air Weapons Level 1  
  178  21:42  Observer x2  
  166  22:05  Stalker x6  
  166  22:06  Stalker x2  
  174  22:25  Gravitic Boosters, Stalker x2  
  178  22:30  Protoss Shields Level 3  
  165  23:00  Pylon  
  163  23:08  Tempest x3  
  163  23:12  Stalker x6  
  189  23:15  Nexus  
  189  23:19  Disruptor x3  
  198  23:23  Photon Cannon  
  198  23:26  Photon Cannon  
  196  23:28  Observer  
  196  23:29  Shield Battery  
  196  23:32  Dark Templar x2  
  193  23:35  Zealot x3  
  193  23:36  Zealot  
  185  23:50  Zealot  
  185  23:51  Photon Cannon, Dark Templar x2  
  185  23:55  Observer  
  166  23:56  Zealot  
  166  23:57  Zealot x4  
  171  24:03  Tempest  
  171  24:05  Probe  
  171  24:06  Probe  
  171  24:07  Probe x2  
  171  24:08  Zealot x2  
  165  24:22  Observer x2  
  159  24:27  Observer  
  159  24:30  Assimilator  
  160  24:33  Photon Cannon  
  160  24:35  Photon Cannon  
  160  24:36  Photon Cannon, Zealot x6  
  160  24:37  Zealot x2  
  176  24:39  Photon Cannon, Shield Battery  
  176  24:40  Shield Battery  
  176  24:41  Photon Cannon  
  176  24:42  Tempest  
  176  24:43  Pylon, Tempest  
  186  24:49  Tempest  
  191  24:59  Observer  
  183  25:08  Stalker x5  
  193  25:17  Dark Templar  
  195  25:25  Zealot x3  
  198  25:40  Oracle  
  198  25:45  Stalker x2  
  197  25:59  Zealot  
  181  26:05  Zealot x4  
  189  26:12  Disruptor x2  
  189  26:13  Disruptor  
  163  26:42  Zealot x2  
  163  26:43  Zealot x5  
  163  26:44  Tempest  
  182  27:00  Unknown  
  182  27:04  Pylon  
  176  27:10  Tempest  
  174  27:17  Probe  
  174  27:18  Probe x2  
  174  27:19  Probe x3  
  180  27:25  Zealot x7  
  180  27:29  Probe  
  195  27:36  Tempest  
  188  27:47  Zealot x6  
  199  27:56  Nexus, Pylon  
  183  28:18  Zealot x7  
  192  28:33  Nexus  
  192  28:42  Nexus  
  185  29:04  Zealot  
  185  29:05  Zealot x6  
  189  29:27  Zealot x5  
  199  29:31  Pylon  
  199  29:32  Nexus  
  182  29:44  Assimilator  
  180  29:48  Assimilator  
  180  29:52  Shield Battery  
  172  29:53  Shield Battery  
  172  29:54  Shield Battery  
  172  29:55  Shield Battery  
  172  29:57  Shield Battery  
  172  29:59  Pylon  
  172  30:14  Probe x2  
  172  30:15  Probe  
  172  30:20  Shield Battery  
  175  30:23  Shield Battery  
  175  30:24  Shield Battery  
  175  30:27  Shield Battery  
  171  30:52  Zealot x7  
  173  31:14  Observer  
  173  31:15  Zealot x7  
  148  31:55  Disruptor x2  
  134  32:22  Disruptor  
  137  32:30  Zealot x6  
  149  32:49  Photon Cannon  
  149  32:55  Photon Cannon  
  149  32:57  Photon Cannon  
  149  32:58  Photon Cannon  
  149  33:01  Photon Cannon  
  144  33:21  Disruptor x2  
  150  33:27  Observer  
  145  33:34  Stalker, Zealot x2  
  145  33:35  Zealot x4  
  155  33:42  Observer  
  153  34:03  Pylon  
  153  34:05  Pylon  
  153  34:07  Pylon  
  153  34:09  Pylon  
  152  34:58  Stalker  
  152  34:59  Stalker x6  
  159  35:44  Stalker x2  
  159  35:45  Stalker x5  
  145  36:43  Stalker  
Tags
 
Add a new tag
Caveats
  • Supply blocks, unpowered buildings, or Contaminate may cause inaccurate times.
  • Supply counts are checked every 10 seconds.